 Dungeon Crawl Stone Soup version 0.14.2 (webtiles) character file.

204 SoulStice the Skirmisher (level 4, -4/29 HPs)
             Began as a Gargoyle Berserker on Apr 2, 2015.
             Was a Believer of Trog.
             Slain by Edmund
             ... wielding a +0,+2 flail of crushing
              (7 damage)
             ... on Level 4 of the Dungeon.
             The game lasted 00:24:26 (2793 turns).

SoulStice the Skirmisher (Gargoyle Berserker)       Turns: 2793, Time: 00:24:26

HP  -4/29        AC 12     Str 22      XL: 4   Next: 25%
MP   4/4         EV 10     Int  8      God: Trog [**....]
Gold 132         SH  6     Dex  9      Spells:  0 memorised,  3 levels left

rFire  + . .     SeeInvis .     J - +0 mace
rCold  . . .     Clarity  .     m - +2 leather armour {rF+}
rNeg   + . .     Conserve .     b - +0 buckler
rPois  +         rCorr    .     C - +0 helmet
rElec  +         rRot     +     y - +0 cloak
SustAb + .       Spirit   .     (no gloves)
rMut   .         Warding  .     d - +0 pair of boots
Saprov . . .     Stasis   .     (no amulet)
MR     .....                    z - ring of sustain abilities {unknown}
                                n - +1 ring of intelligence

@: not resistant to hostile enchantments, very unstealthy
A: life protection 1, electricity resistance, unbreathing, petrification
resistance, AC +3
a: Burn Spellbooks, Berserk, Trog's Hand, Renounce Religion


You were on level 4 of the Dungeon.
You worshipped Trog.
Trog was pleased with you.
You were not hungry.

You visited 1 branch of the dungeon, and saw 4 of its levels.

You collected 132 gold pieces.

Inventory:

Hand weapons
 J - a +0,+0 mace (weapon)
Missiles
 f - 3 darts (quivered)
 k - 15 poisoned arrows
 p - 45 arrows
 s - 27 stones
 v - 14 sling bullets of frost
Armour
 b - a +0 buckler (worn)
 d - a +0 pair of boots (worn)
 m - a +2 leather armour of fire resistance (worn)
 x - a +0 ring mail
 y - a +0 cloak (worn)
 C - a +0 helmet (worn)
Comestibles
 c - 7 bread rations
 t - a beef jerky
 I - a meat ration
Scrolls
 e - 5 scrolls of identify {unknown}
 g - a scroll of enchant weapon II {unknown}
 j - 5 scrolls of remove curse {unknown}
 q - a scroll of noise {unknown}
 r - a scroll of fear {unknown}
 u - 3 scrolls of teleportation {unknown}
 A - 2 scrolls of enchant weapon I {unknown}
 E - 2 scrolls of recharging {unknown}
 H - a scroll of random uselessness {unknown}
Jewellery
 n - a +1 ring of intelligence (left hand)
 z - a ring of sustain abilities (right hand) {unknown}
Potions
 a - a potion of mutation {unknown}
 h - 2 potions of curing {unknown}
 i - a potion of brilliance {unknown}
 l - a potion of confusion
 o - a potion of restore abilities {unknown}
 D - 3 potions of flight
 F - a potion of magic {unknown}
 G - a potion of might {unknown}


   Skills:
 + Level 3.7 Fighting
   Level 3.1 Long Blades
 + Level 0.4 Maces & Flails
 + Level 2.7 Armour
 + Level 2.6 Dodging
 + Level 0.4 Shields


You had 3 spell levels left.
You didn't know any spells.

Dungeon Overview and Level Annotations

Branches:
Dungeon (4/15)
 Temple: D:4-7

Altars:
Ashenzari
The Shining One

Annotations:
D:4 Edmund, Sigmund


Innate Abilities, Weirdness & Mutations

You are resistant to torment.
You are immune to poison.
You are immune to rotting.
Your stone body is very resilient (AC +3).
You resist negative energy.
You are resistant to electric shocks.
You can survive without breathing.
You are immune to petrification.


Message History

You hear a zap.
The puff of flame misses you.
You hear a zap.
The puff of flame hits you! You resist.
One of your 6 scrolls labeled RUXTURCHATO catches fire!
You offer a prayer to Trog.
Trog is pleased with you. The magic dart hits you!
* * * LOW HITPOINT WARNING * * *
You hear some strange, mumbled words.
The puff of flame hits you! Something hits you but does no damage.
Edmund barely misses you.
You closely miss Edmund. Something hits you but does no damage.
Edmund hits you but does no damage. Something hits you.
* * * LOW HITPOINT WARNING * * *
You hit Edmund but do no damage.
Edmund drinks a potion.
Edmund suddenly seems more agile.
Something hits you.
* * * LOW HITPOINT WARNING * * *
Edmund hits you with a runed flail!
You die...

#. #.....#.##. #.
#........... #.
#.....#.... # #.
#.....# ...
#.####.###.....#.....
#....................
#...........)..#.....
#..............#....
#.$.....@@.....#.##.
....................
#..........#####.##
#..................
..###.###.####...# .
#...<........#
#####.####...#
.................
......"(.......


You could see Edmund.

Vanquished Creatures
  A worm (D:3)
  A giant eyeball (D:3)
  2 giant geckos
  A ball python (D:2)
  7 bats
  6 hobgoblins
  6 jackals
  2 quokkas (D:3)
  6 giant cockroaches
  3 giant newts
  9 goblins
  9 kobolds
  3 rats
56 creatures vanquished.

Notes
Turn   | Place    | Note
--------------------------------------------------------------
     0 | D:1      | SoulStice, the Gargoyle Berserker, began the quest for the Orb.
     0 | D:1      | Reached XP level 1. HP: 14/14 MP: 1/1
   218 | D:1      | Reached XP level 2. HP: 14/19 MP: 2/2
   961 | D:2      | Reached XP level 3. HP: 23/23 MP: 3/3
  1039 | D:2      | Acquired Trog's second power
  1240 | D:2      | Found a shattered altar of Ashenzari.
  1240 | D:2      | Found a glowing golden altar of the Shining One.
  1583 | D:3      | Paralysed by a giant eyeball for 3 turns
  1589 | D:3      | Paralysed by a giant eyeball for 3 turns
  1594 | D:3      | Paralysed by a giant eyeball for 2 turns
  1599 | D:3      | Paralysed by a giant eyeball for 3 turns
  1605 | D:3      | Paralysed by a giant eyeball for 4 turns
  1613 | D:3      | Paralysed by a giant eyeball for 4 turns
  1624 | D:3      | Paralysed by a giant eyeball for 4 turns
  1631 | D:3      | Paralysed by a giant eyeball for 4 turns
  1641 | D:3      | Paralysed by a giant eyeball for 2 turns
  2081 | D:3      | Reached XP level 4. HP: 25/28 MP: 4/4
  2765 | D:4      | Noticed Sigmund
  2784 | D:4      | Noticed Edmund
  2793 | D:4      | Slain by Edmund

Action                   |  1- 3 |  4- 6 || total
-------------------------+-------+-------++-------
Melee: Falchion          |   122 |       ||   122
       Club              |    88 |    73 ||   161
       Mace              |       |     2 ||     2
  Use: Potion            |     2 |       ||     2
